[Event "Collegiate Chess League: Fall 2023"]
[Site "Chess.com"]
[Date "2023.11.11"]
[Round "1"]
[White "Yaskolko, Maxim"]
[Black "Dudin, Gleb"]
[Result "0-1"]
[WhiteElo "2509"]
[BlackElo "2663"]
[ECO "B90"]
[EventDate "2023.??.??"]
[Annotator "rafael"]
[PlyCount "64"]
[Beauty "8250632175650"]
[EventType "team-tourn"]
[TimeControl "300+2"]

1.e4 c5 2.Nf3 d6 3.d4 cxd4 4.Nxd4 Nf6 5.Nc3 a6 6.Be3 e5 7.Nb3 Be7 8.f3 Be6 9.Qd2 h5 10.Nd5 Bxd5 ( 10...Nxd5 {is considered better by opening theory.} 11.exd5 Bf5 ) 11.exd5 Nbd7 12.Na5 $6 {[%c_effect a5;square;a5;type;Inaccuracy;persistent;true] This is a typical move in the Sicilian, as the knight can hardly be expelled with the move b6, thanks to the c6-square. But here Black has good counterplay.} ( 12.O-O-O {is the best attempt for an opening advantage.} ) 12...Qc7 13.c4 e4 $1 {[%c_effect e4;square;e4;type;GreatFind;persistent;true] This is it. Black must play fast and bring the knight to e5.} 14.Be2 Ne5 15.f4 {A difficult decision. I wouldn't hurry with this move. I prefer} ( 15.O-O {although Black is fine after} 15...O-O {with the idea of Rfe8 and Bf8.} ) 15...Neg4 16.Bd4 O-O 17.O-O Rfe8 18.h3 $6 {[%c_effect h3;square;h3;type;Inaccuracy;persistent;true] This move is a mistake because Black naturally wants to play Nh6-f5. It's better to reinforce the knight's position on a5, taking that burden off the queen on d2.} ( 18.b4 $1 ) 18...Nh6 ( {Better than} 18...e3 19.Qb4 ) 19.b4 ( 19.f5 {White has no time to take the square from the knight, since Black can play} 19...e3 $1 20.Bxe3 Ne4 {and White's position is on the verge of collapse.} ) 19...Nf5 20.Bb2 Bd8 $1 {[%c_effect d8;square;d8;type;GreatFind;persistent;true] A good maneuver. The bishop prepares to go to the g1-a7 diagonal.} 21.Kh2 h4 $1 {[%c_effect h4;square;h4;type;GreatFind;persistent;true] Avoiding g2-g4 forever.} 22.Rac1 Qd7 $2 {[%c_effect d7;square;d7;type;Mistake;persistent;true] A tactical mistake, something that is almost inevitable in a blitz game.} ( 22...Qe7 {is better, preparing ...Bb6, with a clear advantage.} ) 23.Nb3 $2 {[%c_effect b3;square;b3;type;Mistake;persistent;true] White misses the chance and the position deteriorates quickly.} ( 23.Bxf6 $1 Bxf6 24.Bg4 $1 {[%c_effect g4;square;g4;type;GreatFind;persistent;true] This is the point. The knight is pinned and White is back in the game.} ) 23...Ng3 24.Rfe1 Qf5 $1 25.Qe3 Qg6 $1 {[%c_effect g6;square;g6;type;GreatFind;persistent;true] The knight is coming to f5. Black's play is easy and good.} 26.Nd4 Bb6 27.Bd1 a5 ( 27...Nf5 {wins immediately, just like in the game.} ) 28.a3 axb4 29.axb4 Nf5 $1 30.Qg1 Bxd4 31.Bxd4 Nxd4 32.Qxd4 Qg3+ {The e1-rook is lost.} 0-1

[Event "Grand Chess Sinquefield Cup 2023"]
[Site "Chess.com"]
[Date "2023.11.24"]
[Round "4"]
[White "So, Wesley"]
[Black "Rapport, Richard"]
[Result "1-0"]
[WhiteElo "2752"]
[BlackElo "2748"]
[ECO "E83"]
[EventDate "2023.??.??"]
[Annotator "rafael"]
[PlyCount "73"]
[Beauty "7904887308328"]
[EventType "swiss"]
[EventRounds "9"]
[EventCountry "FRA"]
[TimeControl "40/5400+30:1800+30"]

1.c4 Nf6 2.Nc3 g6 3.e4 d6 4.d4 Bg7 5.f3 {The Saemisch System is one of the most reliable and principled options against the King's Indian. White solidifies his center and relies on the space advantage to achieve an opportunity.} 5...O-O 6.Nge2 {This move is a good alternative to the more popular bishop moves to e3 or g5.} 6...Nc6 {Black has many possible plans. This one, Nc6 followed by a6, Bd7, Rb8, and b5, was one of Kasparov's favorites and is used in several King's Indian lines.} 7.Be3 a6 8.Qd2 Bd7 ( 8...Rb8 {Many start with Rb8 right away.} ) 9.Rb1 {White also has many possible plans: this opening is rich in strategic ideas. 9.g4, 9.h4, and 9.Nc1 are the most obvious paths. White's idea is to play b2-b4 and maybe also g2-g4 with a commanding pawn army.} ( 9.g4 ) ( 9.h4 ) ( 9.Nc1 ) 9...h5 $5 {[%c_effect h5;square;h5;type;Interesting;persistent;true] A recent idea. The h5-move, avoiding g4, is one of the discoveries of modern strategy, as it has been validated by engines in the most varied defenses from the King's Indian to the Sicilian Najdorf. I also briefly mention other options.} ( 9...b5 $6 {[%c_effect b5;square;b5;type;Inaccuracy;persistent;true] is too optimistic.} 10.cxb5 axb5 11.Nxb5 {Now} 11...Rxa2 $2 {[%c_effect a2;square;a2;type;Mistake;persistent;true] fails to} 12.Na3 {and the rook is trapped.} ) ( 9...Rb8 10.b4 Re8 {is also recommended by the engines. They clearly have incorporated Nimzowitsch's idea of \"Mysterious Rook Moves.\"} ) ( 9...e5 10.d5 Ne7 {is a King's Indian classic.} ) 10.b4 Nh7 {A new move. It looks strange, but it's not bad. Black is getting ready to play e5 and later f5, while waiting for White to show his cards.} ( 10...e6 11.g3 {was played in Novikov-Shabalov, USA-ch Seniors Saint Louis 2022.} ) 11.d5 {White decides to advance the center to free the d4-square for the knight.} ( 11.g3 {is another way of developing, but Black has interesting counterplay.} 11...e5 ( 11...h4 {is also interesting.} ) 12.d5 Ne7 ) 11...Ne5 12.Nd4 Rc8 {It's also possible to advance the c-pawn immediately.} ( 12...c5 $2 {[%c_effect c5;square;c5;type;Mistake;persistent;true] This is a positional mistake:} 13.bxc5 $1 dxc5 14.Nb3 b6 15.Be2 {with a big advantage for White with the powerful center.} ) ( 12...c6 {is possible with a double-edged position after} 13.dxc6 bxc6 ) 13.Be2 c5 14.dxc6 ( 14.bxc5 {Now Black can take with the rook with good counterplay.} 14...Rxc5 $1 ) 14...Bxc6 ( 14...Nxc6 $6 15.Nxc6 {leads to a comfortable advantage for White. Black should not exchange his active knight.} ) ( 14...bxc6 {is possible with balanced play. The idea is} 15.c5 a5 $1 {[%c_effect a5;square;a5;type;GreatFind;persistent;true] with counterplay.} ) 15.Rc1 {A difficult move. So wants to protect the c4-pawn.} ( 15.Nxc6 {is possible, but after} 15...Rxc6 16.c5 {Black has many interesting possibilities. The game is equal.} ) 15...Bd7 16.Nd1 b5 {A pawn sacrifice that totally fits the King's Indian spirit.} 17.Nb2 {Solid play.} ( {After} 17.cxb5 {Black has good compensation for the pawn:} 17...Rxc1 18.Qxc1 axb5 19.Nxb5 Qb8 20.a4 Rc8 ) 17...Nxc4 $6 {[%c_effect c4;square;c4;type;Inaccuracy;persistent;true] After this inaccurate move, White achieves a better position.} ( 17...Qc7 $1 {[%c_effect c7;square;c7;type;GreatFind;persistent;true] is better with equality after} 18.O-O Qb8 {It's important to keep the pawn on b5, since it takes away some of the potential of the white pieces.} ) 18.Nxc4 e5 ( 18...bxc4 19.Bxc4 {is also better for White, since the queenside is weak.} ) 19.Nb3 ( 19.Nxb5 $1 {[%c_effect b5;square;b5;type;GreatFind;persistent;true] is enough for a clear advantage.} 19...axb5 ( 19...Bxb5 20.O-O ) 20.Nb6 $5 {[%c_effect b6;square;b6;type;Interesting;persistent;true] Maybe not the best objectively but calmer than} ( 20.Nxd6 Rxc1+ 21.Qxc1 Bh3 $1 22.Nxf7 Rxf7 23.gxh3 Qh4+ 24.Bf2 Qxh3 {which leads to some chaotic play, although White is better.} ) 20...Rxc1+ 21.Qxc1 {White has a clear positional advantage.} ) 19...bxc4 20.Bxc4 Rxc4 $2 {[%c_effect c4;square;c4;type;Mistake;persistent;true] Rapport gets carried away by the previously mentioned \"King's Indian spirit.\" He sacrifices the exchange to avoid castling, but it turns out that the compensation is not enough.} ( 20...Bb5 {is better with a slight advantage for White after} 21.Bxb5 Rxc1+ 22.Nxc1 axb5 ) 21.Rxc4 Bb5 22.Rc1 d5 {More sacrifices are necessary in an attempt to justify the previous play.} ( 22...f5 {doesn't work:} 23.a4 $1 Bxa4 24.Qa2 {with a winning advantage.} ) 23.Qxd5 ( 23.exd5 {Here probably Rapport's idea is to continue sacrificing pawns with} 23...e4 {Despite the machine's pessimistic assessment, it's clear the Black has practical chances.} ) 23...Qh4+ 24.g3 Qf6 ( 24...Qh3 {is probably more stubborn. The idea is} 25.Kf2 ( 25.Rc2 {is the computer's favorite.} ) 25...g5 {with the idea of playing g4 and creating something recalling an attack. It shouldn't work, to be honest.} ) 25.Kf2 Rd8 26.Qb7 Rd3 27.Qb6 $1 {[%c_effect b6;square;b6;type;GreatFind;persistent;true] Now it's over. Everything is defended, and the rook is ready to go to d1. White has a decisive material advantage.} 27...Qxb6 ( 27...Qe7 28.Rhd1 {wins easily.} ) 28.Bxb6 Ng5 29.h4 Rxf3+ ( 29...Nxf3 30.Rhd1 ) 30.Kg2 Rxb3 31.axb3 Nxe4 32.Rhe1 Nd2 33.Rc8+ Kh7 34.Rc7 Kg8 35.Rc8+ Kh7 36.Rc7 Kg8 37.Re3 1-0

[Event "Grand Chess Sinquefield Cup 2023"]
[Site "Chess.com"]
[Date "2023.11.25"]
[Round "5"]
[White "Aronian, Levon"]
[Black "Firouzja, Alireza"]
[Result "1-0"]
[WhiteElo "2727"]
[BlackElo "2777"]
[ECO "E21"]
[EventDate "2023.??.??"]
[Annotator "rafael"]
[PlyCount "133"]
[Beauty "5978997136904"]
[EventType "swiss"]
[EventRounds "9"]
[EventCountry "FRA"]
[TimeControl "40/5400+30:1800+30"]

1.d4 Nf6 2.c4 e6 3.Nc3 Bb4 4.Nf3 b6 5.Qb3 a5 ( 5...c5 {is the most popular move. A long time ago I played an interesting game with big complications right at the opening:} 6.a3 Ba5 7.Bg5 h6 8.Bh4 g5 9.Bg3 g4 10.Nd2 cxd4 11.Nb5 Ne4 12.O-O-O Bxd2+ 13.Rxd2 Nxd2 14.Kxd2 O-O {with a good position for Black in Disconzi da Silva-Leitao, BRA-ch Sao Paulo 2001.} ) 6.g3 Bb7 7.Bg2 d6 ( 7...O-O {A recent game followed:} 8.O-O Bxc3 9.Qxc3 d6 10.b3 Nbd7 11.Rd1 Qe7 {with a typical middlegame position from the Queen's Indian Defense. Mamedyarov-Tabatabaei, Chessable Masters rapid 2023.} ) 8.O-O Nbd7 {It's no surprise that this move is a novelty. Players with Black are often terrified at the prospect of losing the bishop on b4 and capturing the knight on c3 as soon as it's no longer pinned.} ( 8...Bxc3 9.Qxc3 Nbd7 {with a typical position. White has the pair of bishops, and this should be enough for a slight advantage.} ) 9.Qc2 {Aronian decides not to try to exploit the possible defects of Black's previous move. This can be tried with 9.Nb5 or 9.Na4; the latter seems to be the most promising.} ( 9.Nb5 {is not too dangerous:} 9...c6 ( 9...d5 $2 10.Bf4 ) 10.a3 ( 10.Nh4 $5 {[%c_effect h4;square;h4;type;Interesting;persistent;true] is a curious computer suggestion.} ) 10...cxb5 11.axb4 ( 11.cxb5 Bc5 12.dxc5 Nxc5 {Black follows up with a5-a4, and the knight is strong on c5.} ) 11...bxc4 ( 11...a4 {is also good.} ) 12.Qxc4 O-O {with a good position.} ) ( 9.Na4 $5 d5 {Forced, otherwise the bishop is lost.} 10.Ne5 ( 10.c5 {is possible, but Black has a playable position after} 10...bxc5 11.Nxc5 Bxc5 12.Qxb7 Bd6 ) 10...O-O 11.Bg5 h6 12.Bxf6 Nxf6 13.Rac1 {with chances of a slight advantage.} ) 9...O-O {Playing with fire.} ( 9...Bxc3 {is more prudent.} ) 10.Rd1 ( 10.Na4 $1 {[%c_effect a4;square;a4;type;GreatFind;persistent;true] Now this is really the best move.} 10...d5 ( 10...Be4 11.Qd1 d5 12.c5 $1 b5 ( 12...bxc5 {loses the bishop for insufficient compensation after} 13.a3 ) 13.a3 $1 bxa4 14.axb4 {Black's queenside is very weak: the bishop is not well placed on e4.} ) 11.c5 b5 12.Nc3 ( 12.a3 {is also possible:} 12...bxa4 13.axb4 Bc6 14.bxa5 Rxa5 {with a slight advantage for White.} ) 12...Bxc3 13.Qxc3 b4 14.Qc2 {With more space and the pair of bishops, White has the advantage.} ) 10...Qe7 ( 10...Bxc3 ) 11.b3 c5 {I don't like the plan of advancing the central pawns. I prefer the slower} ( 11...Bxc3 12.Qxc3 Be4 ) 12.Bb2 {White prepares d4-d5.} 12...d5 $6 ( 12...Rac8 $2 {[%c_effect c8;square;c8;type;Mistake;persistent;true] doesn't fight against White's plan:} 13.d5 $1 Bxc3 14.Qxc3 exd5 15.cxd5 Qxe2 16.Re1 Qa6 17.Nh4 {with a winning initiative.} ) ( 12...Rfe8 {is more subtle. If White tries the same, there's an extra possibility for Black.} 13.d5 Bxc3 14.Qxc3 exd5 15.cxd5 Qf8 $1 {[%c_effect f8;square;f8;type;GreatFind;persistent;true] Defending the g7-pawn and attacking e2 and d5 with an unclear game.} ) 13.cxd5 Bxc3 ( 13...exd5 {leads to a passive position with a few weaknesses, especially with the bishop on b4. White has many tempting continuations.} ) 14.d6 $1 {[%c_effect d6;square;d6;type;GreatFind;persistent;true] A typical intermediate move in similar positions. Pattern recognition is very important in chess.} 14...Qxd6 15.Qxc3 Qe7 16.dxc5 Nxc5 17.Ne5 Bxg2 18.Kxg2 {White has a clear advantage. The b2-bishop is strong and Black's queenside is weak, especially the pawn on b6.} 18...Qb7+ 19.Qf3 Nfe4 ( 19...Qxf3+ 20.Kxf3 {leads to a dream endgame for White.} ) 20.Bd4 $1 {[%c_effect d4;square;d4;type;GreatFind;persistent;true] A good plan. White gains the chance to capture the knight on c5, which will be useful in many positions.} 20...f5 $6 {[%c_effect f5;square;f5;type;Inaccuracy;persistent;true] This makes things worse.} ( 20...Rac8 21.Nc4 $1 {[%c_effect c4;square;c4;type;GreatFind;persistent;true] with a lot of pressure on the queenside.} ) ( 20...Rfd8 {is relatively best, although White is much better after} 21.Bxc5 $1 ( 21.Nc4 {is not so good after} 21...Rd5 $1 ) 21...Nxc5 22.Qxb7 Nxb7 23.Nd7 $1 b5 24.Rac1 Rac8 25.Ne5 ) 21.Nc4 $6 ( 21.Bxc5 $1 {[%c_effect c5;square;c5;type;GreatFind;persistent;true] is stronger:} 21...bxc5 ( 21...Nxc5 {loses a pawn after} 22.Qxb7 Nxb7 23.Nd7 ) 22.Rd7 {with a clear advantage.} ) 21...a4 22.b4 Nd7 23.Kg1 $6 {[%c_effect g1;square;g1;type;Inaccuracy;persistent;true] White needed to avoid the move b6-b5.} ( 23.b5 $1 {[%c_effect b5;square;b5;type;GreatFind;persistent;true] is a nice prophylactic move. White is better after} 23...Rac8 24.Rac1 ) 23...Ndf6 $2 ( 23...Rac8 24.Rac1 b5 $1 {[%c_effect b5;square;b5;type;GreatFind;persistent;true] This gives Black counterplay after} 25.Na5 Rxc1 26.Rxc1 Qd5 ) 24.Bxf6 $1 {[%c_effect f6;square;f6;type;GreatFind;persistent;true] Exchanging the bishop for a knight at the right time is the mark of a strong chess player.} 24...Rxf6 25.Qe3 Rc8 ( 25...b5 26.Na5 {leads to an overwhelming advantage. White's rooks will occupy the two open files.} ) 26.Rac1 $6 ( 26.Qxb6 $1 {[%c_effect b6;square;b6;type;GreatFind;persistent;true] It's not clear to me why Aronian didn't capture this pawn. The computer evaluates the position as completely winning for White.} ) 26...b5 27.Ne5 Rff8 $6 ( 27...Rxc1 {is a better chance:} 28.Qxc1 ( 28.Rxc1 Qd5 29.Nc6 Rf7 {with some hope.} ) 28...Rf8 29.Rd7 Qb6 {Black is still fighting.} ) 28.f3 ( 28.Rxc8 {is more accurate:} 28...Qxc8 ( 28...Rxc8 29.Rd7 Qb8 30.Nc6 $1 {[%c_effect c6;square;c6;type;GreatFind;persistent;true] A nice touch.} 30...Rxc6 31.Qd4 {threatening mate and Rd8, winning the queen.} ) 29.Qb6 {with a winning position: Black has too many weaknesses.} ) 28...Nf6 29.Rxc8 Qxc8 30.Rc1 Nd5 $5 31.Rxc8 Nxe3 32.Rc5 Rb8 33.Nc6 Rb6 {The endgame is still very difficult for Firouzja, but he soon will have some chances.} 34.Nd4 $6 ( 34.Kf2 $1 {[%c_effect f2;square;f2;type;GreatFind;persistent;true] is better:} 34...Nc4 ( 34...Nd5 35.a3 {Black is completely tied up.} ) ( 34...Nd1+ 35.Ke1 Ne3 36.Kd2 Nf1+ 37.Kd3 Nxh2 38.Ne5 g5 39.Rc1 {The knight is in trouble.} ) 35.Nd4 {This should be winning for White.} ) 34...a3 $1 35.Nxb5 $6 ( 35.Kf2 {is better again:} 35...Nd5 36.Nc6 {with winning chances.} ) 35...Nd5 36.Nxa3 Rxb4 37.Nc2 Ra4 38.a3 g5 {Despite being a pawn down, Black has enough activity to achieve a draw.} 39.Kf2 h5 40.Rb5 Rc4 $2 {[%c_effect c4;square;c4;type;Mistake;persistent;true] This frees White's knight.} ( 40...g4 {is better. Black is close to a draw.} ) 41.Nb4 $1 Nxb4 42.axb4 Kf7 43.Ke3 Rc3+ 44.Kd4 Rc2 45.Kd3 Rb2 {This is a very interesting and difficult endgame. It would be possible to write an entire article about it. Not having time for this and it not being the objective of this analysis, I hope to at least show what the critical moments are so that readers can continue their analytical journey if they so wish.} 46.Rb7+ $2 {[%c_effect b7;square;b7;type;Mistake;persistent;true] This lets the win slip after extremely precise play by Black.} ( 46.Rb8 $1 {[%c_effect b8;square;b8;type;GreatFind;persistent;true] is better. White essentially wins a tempo, as the rook is needed on b8. Black cannot wait passively.} 46...Kf6 ( 46...Kg7 47.b5 Kf7 {White has a simple winning plan in this case.} 48.b6 Kg7 49.b7 Rb1 50.Kd4 Rb2 51.f4 gxf4 52.gxf4 Rb5 53.Kc4 Rb2 54.Kc5 {followed by Kd6.} ) 47.b5 Ke5 ( 47...e5 48.b6 {and Black is not in time.} ) 48.b6 Kd6 49.b7 Kc7 50.Re8 Kxb7 51.Rxe6 {with an easy win. Black's pawns cannot be protected.} ) 46...Kf6 47.b5 Ke5 $2 ( 47...e5 $1 {[%c_effect e5;square;e5;type;GreatFind;persistent;true] is the only way. This might lead to a drawn position after} 48.b6 g4 49.fxg4 hxg4 50.Rb8 f4 $1 51.b7 Kg7 {White cannot make progress.} ) 48.b6 Kd6 49.Rb8 Kc6 50.b7 g4 ( 50...Rxb7 {The pawn endgame is easily winning:} 51.Rxb7 Kxb7 52.Kd4 Kc6 53.Ke5 Kd7 54.Kf6 ) 51.Ke3 $1 {[%c_effect e3;square;e3;type;GreatFind;persistent;true] The king marches to the kingside.} 51...gxf3 52.Kxf3 Rb6 53.Kf4 Rb4+ 54.Kg5 Re4 55.Rc8+ Kxb7 56.Rc2 {Black's king is cut, and this is the determining factor of White's victory.} 56...h4 57.gxh4 Rg4+ 58.Kf6 Rg2 ( 58...Rxh4 59.Kxe6 Rxh2 60.Kxf5 {With a winning position, as the tablebase indicates.} ) 59.h3 $1 ( 59.Kxe6 $2 {[%c_effect e6;square;e6;type;Mistake;persistent;true] It's never too late to misplay a winning position.} 59...f4 60.Rc4 Rxe2+ 61.Kf5 f3 {with a draw.} ) 59...f4 60.Rc4 Rxe2 61.Rxf4 e5 62.Rc4 Re3 63.h5 e4 ( 63...Rxh3 64.Kg5 {Followed by h6 and Rh4.} ) 64.Kg5 Kb6 65.h4 Kb5 66.Rc8 Re1 67.h6 1-0